 Dungeon Crawl Stone Soup version 0.30-a0-331-g8ab09dc110 (webtiles) character file.

Game seed: 2466929281095478437

4344 sanka the Basher (level 10, 0/89 HPs)
             Began as an Armataur Cinder Acolyte on Oct 29, 2022.
             Was a Priest of Ignis.
             Slain by an orange demon (5 damage)
             ... led by Amaemon
             ... on level 9 of the Dungeon.
             The game lasted 00:18:23 (11610 turns).

sanka the Basher (Armataur Cinder Acolyte)         Turns: 11610, Time: 00:18:24

Health: 0/89       AC: 18    Str: 22    XL:     10   Next: 12%
Magic:  20/20      EV:  5    Int: 14    God:    Ignis [***...]
Gold:   427        SH:  0    Dex:  8    Spells: 9/11 levels left

rFire   + + .      SeeInvis .    a - +0 flail (protect)
rCold   . . .      Faith    .    (no shield)
rNeg    + . .      Spirit   .    J - +2 chain mail {rF+}
rPois   .          Reflect  .    j - +0 helmet
rElec   .          Harm     .    l - +0 cloak
rCorr   .          Roll     +    (no gloves)
Will    .....                    (no barding)
Stlth   ..........               (no amulet)
HPRegen 0.34/turn                t - ring of positive energy
MPRegen 0.17/turn                H - ring of magical power

@: lethally poisoned (0 -> -14), weakened, under a protective aura
A: large, rugged brown scales 3, deformed body, armoured tail, roll, long
tongue, awkward tongue
a: Renounce Religion, Fiery Armour, Foxfire Swarm, Rising Flame


You were on level 9 of the Dungeon.
You worshipped Ignis.
Ignis was most pleased with you.
You visited 2 branches of the dungeon, and saw 10 of its levels.
You also visited: Sewer.

You collected 427 gold pieces.


Innate Abilities, Weirdness & Mutations

You are completely covered in rugged brown scales. (AC +3, +7% HP)
Armour fits poorly on your strangely shaped body.
You have a long armoured tail.
You roll when moving toward enemies. (Rampage)
Your long tongue fully drains potion bottles. (2x potion effects)
Your tongue gives you trouble enunciating. (1.5x scroll delay)


   Skills:
 + Level 6.7 Fighting
 * Level 12.3 Maces & Flails
 - Level 1.0 Spellcasting
 - Level 2.6 Fire Magic


You had 9 spell levels left.
You knew the following spells:

 Your Spells              Type           Power      Damage    Failure   Level
y - Scorch                Fire           16%        2d6       80%         2

Your spell library contained the following spells:

 Spells                   Type           Power      Damage    Failure   Level
 Beastly Appendage        Tmut           0%         N/A       95%         1
 Ensorcelled Hibernation  Hex/Ice        0%         N/A       99%         2
 Passwall                 Tmut/Erth      0%         N/A       99%         2
 Wereblood                Tmut           0%         N/A       99%         2
 Ignite Poison            Fire/Tmut/Pois 3%         N/A       99%         3
 Frozen Ramparts          Ice            0%         1d1       100%        3
 Gell's Gravitas          Tloc           0%         N/A       100%        3
 Lesser Beckoning         Tloc           0%         N/A       100%        3
 Spider Form              Tmut/Pois      0%         N/A       100%        3
 Swiftness                Air            0%         N/A       100%        3
 Teleport Other           Tloc           0%         N/A       100%        3
 Ice Form                 Ice/Tmut       0%         N/A       100%        4
 Sticky Flame             Conj/Fire      4%         2d3       100%        4
 Summon Ice Beast         Ice/Summ       0%         N/A       100%        4
 Ignition                 Fire           4%         3d4       100%        8
 Chain Lightning          Conj/Air       0%         N/A       100%        9
 Fire Storm               Conj/Fire      2%         8d1       100%        9
 Shatter                  Erth           0%         3d5*      100%        9

Inventory:

Hand Weapons
 a - a +0 flail of protection (weapon)
Missiles
 k - a throwing net {=f}
 u - 5 silver javelins
 F - 8 curare-tipped darts {=f}
Armour
 j - a +0 helmet (worn)
 l - a +0 cloak (worn)
 D - +0 acid dragon scales
 J - a +2 chain mail of fire resistance (worn)
Jewellery
 s - a ring of fire
 t - a ring of positive energy (left hand)
 B - a ring of fire
 H - a ring of magical power (right hand)
 M - an amulet of magic regeneration
Wands
 w - a wand of paralysis (5)
 C - a wand of light (10)
Scrolls
 c - 2 scrolls of poison {!r}
 d - 2 scrolls of blinking
 e - 2 scrolls of noise {!r}
 g - 2 scrolls of enchant armour
 i - 6 scrolls of teleportation {@r4}
 n - 2 scrolls of magic mapping
 o - a scroll of fear
 r - a scroll of enchant weapon {unknown}
 v - a scroll of amnesia
 x - 3 scrolls of butterflies
 y - a scroll of torment {!r}
 G - a scroll of vulnerability {unknown}
 L - a scroll of immolation {unknown}
 N - a scroll of silence {!r}
Potions
 b - a potion of brilliance {unknown}
 f - 2 potions of lignification {unknown}
 h - 4 potions of haste {@q3}
 m - 2 potions of might {unknown}
 p - 3 potions of degeneration {unknown}
 q - a potion of heal wounds {@q2}
 z - a potion of berserk rage {unknown}
 A - a potion of mutation {unknown}
 E - a potion of resistance
 I - 2 potions of flight {unknown}

Dungeon Overview and Level Annotations

Branches:
Dungeon (9/15)             Temple (1/1) D:7           Sewer (visited)
   Lair: D:8-11         Orc: D:9-12

Altars:
Ashenzari
Cheibriados
Dithmenos
Elyvilon
Fedhas
Gozag
Hepliaklqana
Kikubaaqudgha
Makhleb
Nemelex Xobeh
Okawaru
Qazlal
Ru
Uskayaw
Vehumet
Wu Jian
Xom
Yredelemnul
Zin
The Shining One

Shops:
D:4 *   D:6 =   D:8 *=

Annotations:
D:9 Amaemon

.....▒.▒▒............▒
.....▒...............▒
g....▒▒▒▒.4..........▒
g.. ▒.....(......▒ .▒
▒▒)▒▒▒▒▒▒▒▒▒▒▒ .▒
▒..▒▒▒▒▒▒▒ ▒▒
▒▒...4...▒ ▒▒▒▒
▒▒▒▒▒▒▒▒4▒▒ ...▒
▒......H..▒ )▒.▒
▒.▒▒▒.▒▒▒▒▒ )▒>▒
▒.....▒ .▒▒▒▒▒ ▒▒▒.▒.▒
...'.▒▒ ▒..(▒.▒
.▒.▒..▒▒▒▒▒▒▒▒.▒▒▒..
.▒.▒▒....'...▒.▒ .▒+
▒▒.▒▒▒▒▒▒▒.▒.▒.▒ ▒▒
...▒ ▒.▒...▒


You could see an orange demon.


Message History

Unknown command.
Unknown command.
You hit the orange demon.
The orange demon is severely wounded.
* * * LOW HITPOINT WARNING * * *
You feel very sick.
The orange demon stings you but does no damage.
The orange demon hits you but does no damage.
Unknown command.
You closely miss the orange demon.
The orange demon is severely wounded.
* * * LOW HITPOINT WARNING * * *
You feel very sick.
Unknown command.
You hit the orange demon. You tail-slap the orange demon.
The orange demon is almost dead.
* * * LOW HITPOINT WARNING * * *
You feel very sick. The orange demon stings you.
* * * LOW HITPOINT WARNING * * *
The orange demon hits you.
* * * LOW HITPOINT WARNING * * *
You barely miss the orange demon.
The orange demon is almost dead.
* * * LOW HITPOINT WARNING * * *
You feel very sick.
The orange demon stings you but does no damage.
The orange demon hits you.
You die...

Action                   |  1- 3 |  4- 6 |  7- 9 | 10-12 || total
-------------------------+-------+-------+-------+-------++-------
Melee: Mace              |   114 |   100 |       |       ||   214
       Tailslap          |     8 |    10 |    27 |     8 ||    53
       Flail             |       |    33 |   411 |    59 ||   503
       Punch             |       |       |     3 |     2 ||     5
 Cast: Scorch            |     2 |    22 |    93 |       ||   117
Invok: Fiery Armour      |       |       |     6 |       ||     6
  Use: Scroll            |       |       |    12 |       ||    12
       Potion            |       |       |     6 |     2 ||     8
Armor: Robe              |    55 |    47 |   133 |       ||   235
       Acid dragon scale |       |       |    89 |       ||    89
       Chain mail        |       |       |   169 |    46 ||   215
Dodge: Dodged            |    69 |    56 |   241 |    11 ||   377

Levels and vault maps discovered:
D:1:      minmay_arrival_stone_box, layout_loops_ring
D:2:      layout_basic
D:3:      layout_basic, amethyst_overflow_temple_binary, minmay_misc_feat_x,
          nicolae_kite_square_tiling_tiny, hex_medium
D:4:      layout_cave_pods, nicolae_shop_fire_sale [nicolae_sub_dead_trees],
          uniq_natasha
D:5:      layout_cave_pools, gammafunk_ghost_grave, serial_column_ruins,
          column_ruins_grid_4, column_ruins_open_medium,
          column_ruins_open_medium_water, column_ruins_open_medium,
          column_ruins_grid_2, minmay_checkerbox
D:6:      layout_loops_cross, serial_shops, shop, lightli_sewer_entry_pipes
D:7:      layout_basic, nemelex_altar_shiori, minmay_temple_entry_waves,
          uniq_joseph
D:8:      layout_layer_cave, elyvilon_altar_4, zin_purify, serial_shops,
          nicolae_stop_n_shop_1
D:9:      layout_roguey, mainiacjoe_overflow_small_starburst,
          blue_anna_alchemist, uniq_psyche, uniq_amaemon, uniq_pikel
Temple:   eino_wide_crystal_templ

Notes
Turn   | Place    | Note
-------+----------+-------------------------------------------
     0 | D:1      | sanka the Armataur Cinder Acolyte began the quest for the
                  | Orb.
     0 | D:1      | Reached XP level 1. HP: 19/19 MP: 2/2
   111 | D:1      | Reached skill level 3 in Maces & Flails
   172 | D:1      | Reached XP level 2. HP: 16/26 MP: 3/3
   215 | D:1      | Learned a level 2 spell: Scorch
   780 | D:1      | Reached XP level 3. HP: 32/32 MP: 4/4
   933 | D:2      | Reached skill level 4 in Maces & Flails
  1104 | D:2      | Reached XP level 4. HP: 35/39 MP: 5/5
  1524 | D:2      | Reached skill level 5 in Maces & Flails
  1971 | D:3      | Reached XP level 5. HP: 36/44 MP: 6/6
  2425 | D:3      | Reached skill level 6 in Maces & Flails
  2649 | D:3      | Found a snail-covered altar of Cheibriados.
  2649 | D:3      | Found a broken altar of Ashenzari.
  2886 | D:4      | Reached XP level 6. HP: 53/53 MP: 7/7
  3220 | D:4      | Noticed Natasha
  3223 | D:4      | Killed Natasha
  3273 | D:4      | Found Ujaudaw's Fire Supplies.
  3535 | D:4      | Reached skill level 7 in Maces & Flails
  4035 | D:4      | Noticed Natasha
  4038 | D:4      | Killed Natasha
  4137 | D:4      | Noticed Natasha
  4141 | D:4      | Killed Natasha
  4142 | D:4      | Reached XP level 7. HP: 54/59 MP: 3/8
  4200 | D:5      | Entered Level 5 of the Dungeon
  4705 | D:4      | Reached skill level 8 in Maces & Flails
  5432 | D:5      | Found a runed translucent door.
  5432 | D:5      | Noticed mopl's ghost (novice OpBr)
  5603 | D:5      | Killed mopl's ghost
  5604 | D:5      | Reached skill level 3 in Fighting
  5604 | D:5      | Reached skill level 9 in Maces & Flails
  5604 | D:5      | Reached XP level 8. HP: 40/67 MP: 2/9
  5773 | D:6      | Identified +0 acid dragon scales
  5839 | D:6      | Reached skill level 4 in Fighting
  6165 | D:6      | Found Ixzaniur's Jewellery Emporium.
  6207 | D:6      | Reached skill level 10 in Maces & Flails
  6267 | D:6      | HP: 7/70 [ufetubus (4)]
  6305 | D:6      | Found a glowing drain.
  6314 | Sewer    | Entered a sewer
  7220 | D:6      | Reached XP level 9. HP: 58/77 MP: 2/10
  8499 | D:7      | Reached skill level 5 in Fighting
  8696 | D:7      | Found a staircase to the Ecumenical Temple.
  8708 | Temple   | Entered the Ecumenical Temple
  8763 | D:7      | Noticed a troll
  8773 | D:7      | Killed a troll
  8774 | D:7      | Reached skill level 11 in Maces & Flails
  8852 | D:7      | Found a sparkling altar of Nemelex Xobeh.
  8852 | D:7      | Noticed Joseph
  8892 | D:7      | Killed Joseph
  9377 | D:8      | Found Kovag's Jewellery Emporium.
  9539 | D:8      | Identified the +1 scale mail of the Robin {rCorr Str-5
                  | Int+2 Stlth+}
  9558 | D:8      | Found a white marble altar of Elyvilon.
  9588 | D:8      | Found Zin's Purification Station.
  9591 | D:8      | Found a glowing silver altar of Zin.
  9914 | D:8      | Paralysed by a hornet for 1 turns
  9914 | D:8      | HP: 4/80 [hornet (5)]
  9918 | D:8      | Reached skill level 6 in Fighting
 10915 | D:9      | Reached skill level 12 in Maces & Flails
 11172 | D:9      | Paralysed by a hornet for 3 turns
 11177 | D:9      | Reached XP level 10. HP: 11/89 MP: 11/11
 11422 | D:9      | Noticed Psyche
 11456 | D:9      | Killed Psyche
 11480 | D:9      | Noticed Amaemon
 11566 | D:9      | Noticed an orange demon
 11609 | D:9      | HP: 8/89 [orange demon[Amaemon] (5)]
 11610 | D:9      | Slain by an orange demon

Vanquished Creatures
  The ghost of mopl the Sneak, a novice OpBr of Dithmenos (D:5)
  Joseph (D:7)
  Psyche (D:9)
  A troll (D:7)
  3 hornets
  A wyvern (D:9)
  2 orc warriors
  2 ogres
  A centaur (D:9)
  2 phantoms
  3 kobold brigands
  2 necrophages
  A bullfrog (D:7)
  5 killer bees
  2 howler monkeys
  4 orc priests
  5 hounds
  2 gnoll boudas
  6 iguanas
  3 orc wizards
  Natasha (thrice) (D:4)
  16 gnolls
  4 river rats
  18 adders
  4 shadow imps
  A white imp (D:7)
  2 ufetubi
  6 worms
  3 dart slugs
  27 orcs
  3 endoplasms
  8 giant cockroaches
  12 goblins
  2 hobgoblins
  7 jackals
  17 kobolds
  3 quokkas
  5 ball pythons
  6 bats
  10 frilled lizards
  9 rats
214 creatures vanquished.
